 Dungeon Crawl Stone Soup version 0.31.0-11-ge490571c62 (webtiles) character file.

Game seed: 5223011433336902838

86 Gadfly the Insei (level 4, -4/35 HPs)
             Began as a Demonspawn Monk on Feb 3, 2024.
             Splashed by a jelly's acid (10 damage)
             ... on level 2 of the Dungeon.
             The game lasted 00:02:52 (1308 turns).

Gadfly the Insei (Demonspawn Monk)                  Turns: 1308, Time: 00:02:52

Health: -4/35      AC: -7    Str: 14    XL:     4   Next: 27%
Magic:  4/4        EV: 13    Int: 13    God:
Gold:   107        SH:  0    Dex: 18    Spells: 3/3 levels left

rFire   . . .        b - +7 hand axe of Dawn {vamp, rPois rC++ Int+3 Dex+3}
rCold   + + .        c - orb {light}
rNeg    . . .        a - +0 robe
rPois   +            l - +2 hat
rElec   .            (no cloak)
rCorr   .            k - +0 pair of gloves
SInv    .            (no boots)
Will    .....        (no amulet)
Stlth   +            (no ring)
HPRegen 0.25/turn    (no ring)
MPRegen 0.09/turn

%: no passive effects
@: corroded, glowing
A: hooves 1, powered by death 2
a: no special abilities


You were on level 2 of the Dungeon.
You visited 1 branch of the dungeon, and saw 2 of its levels.

You collected 107 gold pieces.

Inventory:

Hand Weapons
 b - the +7 hand axe of Dawn (weapon) {vamp, rPois rC++ Int+3 Dex+3}
   (You took it off a hobgoblin on level 2 of the Dungeon)

   Int+3:     It affects your intelligence (+3).
   Dex+3:     It affects your dexterity (+3).
   rC++:      It greatly protects you from cold.
   rPois:     It protects you from poison
Armour
 a - a +0 robe (worn)
 c - an orb of light (worn)
 k - a +0 pair of gloves (worn)
 l - a +2 hat (worn)
Scrolls
 f - 3 scrolls of teleportation
Potions
 d - a potion of heal wounds
 e - a potion of berserk rage
 g - a potion of enlightenment {unknown}
 h - a potion of degeneration {unknown}
 i - a potion of lignification {unknown}
 j - 2 potions of curing {unknown}


   Skills:
 - Level 3.0 Fighting
 + Level 3.1 Dodging
 * Level 3.3 Unarmed Combat
 * Level 1.8 Evocations
 * Level 1.5 Shapeshifting


You had 3 spell levels left.
You didn't know any spells.
Your spell library contained the following spells:

 Spells                   Type           Power      Damage    Failure   Level
 Dazzling Flash           Conj/Hex       0%         N/A       67%         3
 Volatile Blastmotes      Fire/Tloc      0%         2d10      67%         3
 Anguish                  Hex/Necr       0%         N/A       97%         4
 Cause Fear               Hex            0%         N/A       97%         4
 Starburst                Conj/Fire      0%         6d3       100%        6
 Enfeeble                 Hex            0%         N/A       100%        7
 Maxwell's Capacitive Co  Air            0%         ∞         100%        8


Dungeon Overview and Level Annotations

Branches:
Dungeon (2/15)

Altars:
Ashenzari
Fedhas
Kikubaaqudgha
Wu Jian


Innate Abilities, Weirdness & Mutations

You have large cloven feet.
You regenerate health from kills.


Message History

A kobold is nearby!
A kobold is nearby!
You slash the kobold!
You kill the kobold!
No target in view!
No target in view!
No target in view!
No target in view!
No target in view!
No target in view!
Things that are here:
a +0 short sword; a kobold corpse You open the door. 2 endoplasms come into view.
The endoplasm quivers. x2
Found a bat skeleton.
There are monsters nearby! 5 endoplasms and 2 jellies come into view.
Found two hobgoblin skeletons, three bat skeletons and a fuming inky potion.
Found five altars.
The jelly quivers.
There is an open door here.
The endoplasm quivers. x3
The jelly hits you but does no damage.
You hit the jelly. The acid corrodes you!
Your hands burn!
The jelly is moderately wounded.
You hit the endoplasm but do no damage. You hit the fungus.
The fungus begins to die.
The jelly hits you. The acid corrodes you!
You are splashed with acid!
The endoplasm freezes you.
You are frozen.
You resist. The endoplasm freezes you.
You are frozen.
You resist. The jelly hits you.
You are splashed with acid!
* * * LOW HITPOINT WARNING * * *
The endoplasm hits the fungus.
The endoplasm jiggles.
The endoplasm closely misses you. The jelly hits you.
* * * LOW HITPOINT WARNING * * *
The acid corrodes you!
You are splashed with acid!
You die...

#.#####.#########.#.#...... #.#
### #####..###.#.....
#.###############.#.###....
#.##!..÷._.P.#####.#.#.#...
#.##.÷÷P...P.##>...........
##.##...J._...###.#..#.##...
##..##JP._J.JP.# #.#..#.###.#
##...##.....JJP.# #.#..#.###.#
##....##÷.÷_JJ@J.###.#........#
#....)#########'###.......#####
#.....###..)...## ##.##...#
#.....##.######## ##.##...# #
##....###..'....# #..##...#
#####...######....# #.......#
.........##.......# #####..##
#######.###.......######...# #
#.# #...))^.##......##


You could see 2 jellies and 7 endoplasms.

Vanquished Creatures
  A gnoll (D:1)
  An adder (D:2)
  2 dart slugs (D:1)
  3 ribbon worms (D:2)
  4 bats
  3 endoplasms
  2 giant cockroaches
  8 hobgoblins
  6 jackals (D:2)
  5 kobolds
  3 quokkas
  4 ball pythons (D:2)
  A frilled lizard (D:1)
  2 goblins
  11 rats
56 creatures vanquished.

Notes
Turn   | Place    | Note
-------+----------+-------------------------------------------
     0 | D:1      | Gadfly the Demonspawn Monk began the quest for the Orb.
     0 | D:1      | Reached XP level 1. HP: 18/18 MP: 1/1
   148 | D:1      | Gained mutation: You regenerate a little health from kills.
                  | [demonic ancestry]
   148 | D:1      | Reached XP level 2. HP: 17/24 MP: 2/2
   260 | D:1      | Found a faded altar of an unknown god.
   358 | D:1      | Reached skill level 1 in Evocations
   422 | D:1      | Reached skill level 1 in Shapeshifting
   422 | D:1      | Gained mutation: You regenerate health from kills. [demonic
                  | ancestry]
   422 | D:1      | Reached XP level 3. HP: 29/29 MP: 3/3
   760 | D:2      | Identified the +7 hand axe of Dawn {vamp, rPois rC++ Int+3
                  | Dex+3}
   952 | D:2      | Gained mutation: You have large cloven feet. [demonic
                  | ancestry]
   952 | D:2      | Reached XP level 4. HP: 35/35 MP: 4/4
  1306 | D:2      | Found a blossoming altar of Fedhas.
  1306 | D:2      | Found a blossoming altar of Fedhas.
  1306 | D:2      | Found an ornate altar of the Wu Jian Council.
  1306 | D:2      | Found a broken altar of Ashenzari.
  1306 | D:2      | Found an ancient bone altar of Kikubaaqudgha.
  1308 | D:2      | Splashed by a jelly's acid

Illustrated notes

Levels and vault maps discovered:
D:1:      lordsloth_arrival_two_stooges, layout_basic, basic_ecumenical_altar,
          nicolae_concentric_dashed_squares_wild, st_stairs_11
D:2:      cheibrodos_fertilizer, layout_loops_ring

Skill      XL: |  1  2  3 |
---------------+----------+-----
Unarmed Combat | 3 |  3.3
Evocations     | 1 |  1.8
Shapeshifting  | 1 |  1.5
Dodging        | 3 |  3.1
Fighting       | |  3.0

Action                     |  1- 3 |  4- 6 || total
---------------------------+-------+-------++-------
  Melee: Unarmed           |   102 |       ||   102
         Hand axe          |    15 |    27 ||    42
         Kick              |       |     8 ||     8
    Use: Scroll            |     3 |     2 ||     5
         Potion            |     2 |       ||     2
   Stab: Sleeping          |     1 |       ||     1
 Armour: Robe              |    58 |    15 ||    73
  Dodge: Dodged            |    94 |    15 ||   109
